 Dungeon Crawl Stone Soup version 0.31-a0-940-gdaa99269f9 (webtiles) character file.

Game seed: 4140612636572679913

71 arpsito the Chopper (level 4, -4/40 HPs)
             Began as a Minotaur Berserker on Oct 19, 2023.
             Was a Believer of Trog.
             Slain by a phantom (5 damage)
             ... on level 3 of the Dungeon on Oct 20, 2023.
             The game lasted 00:06:08 (1719 turns).

arpsito the Chopper (Minotaur Berserker)            Turns: 1719, Time: 00:06:08

Health: -4/40      AC:  5    Str: 24    XL:     4   Next: 5%
Magic:  3/3        EV: 11    Int:  4    God:    Trog [**....]
Gold:   176        SH:  0    Dex:  9    Spells: 3/3 levels left

rFire   . . .        a - +0 hand axe
rCold   . . .        (no shield)
rNeg    . . .        h - +0 ring mail
rPois   .            (helmet restricted)
rElec   .            (no cloak)
rCorr   .            (no gloves)
SInv    .            (no boots)
Will    .....        (no amulet) Stlth
                     (no ring)
HPRegen 0.26/turn    (no ring)
MPRegen 0.08/turn

%: no passive effects
@: on berserk cooldown, slowed, very slow
A: horns 2, retaliatory headbutt
a: Renounce Religion, Berserk, Trog's Hand


You were on level 3 of the Dungeon.
You worshipped Trog.
Trog was pleased with you.
You visited 1 branch of the dungeon, and saw 3 of its levels.

You collected 176 gold pieces.

Inventory:

Hand Weapons
 a - a +0 hand axe (weapon)
 j - a +0 halberd
Missiles
 e - 2 throwing nets
Armour
 f - a +0 leather armour
 h - a +0 ring mail (worn)
Jewellery
 g - a ring of resist corrosion
Scrolls
 b - a scroll of poison {unknown}
 d - 2 scrolls of identify {unknown}
 i - a scroll of vulnerability {unknown}
 l - a scroll of noise {unknown}
Potions
 c - a potion of invisibility {unknown}
 k - a potion of attraction {unknown}


   Skills:
 + Level 4.3 Fighting
 + Level 4.3 Axes
 + Level 3.3 Armour
 + Level 3.0 Dodging


You had 3 spell levels left.
You didn't know any spells.
Your spell library was empty.

Dungeon Overview and Level Annotations

Branches:
Dungeon (3/15)

Altars:

Shops:
D:1 !   D:2 ?


Innate Abilities, Weirdness & Mutations

You have a pair of horns on your head.
You reflexively headbutt those who attack you in melee.


Message History

You are too injured to fight recklessly!
You are too injured to fight recklessly!
You are too injured to fight recklessly!
You are too injured to fight recklessly!
You are too injured to fight recklessly!
You are too injured to fight recklessly!
You are too injured to fight recklessly!
You are too injured to fight recklessly!
You are too injured to fight recklessly!
The phantom hits you but does no damage.
A red film seems to cover your vision as you go berserk!
You feel yourself moving faster!
You feel mighty! The bat closely misses you. The bat hits you.
The phantom hits you.
The phantom blinks!
You blink.
You feel a strong urge to attack something.
You feel your anger nearly subside.
You are no longer berserk.
You are exhausted.
You feel yourself slow down. The bat closely misses you. The phantom hits you.
* * * LOW HITPOINT WARNING * * *
The phantom blinks!
You blink.
The phantom misses you. The bat barely misses you. The phantom misses you.
The adder barely misses you.
You closely miss the adder.
The adder is moderately wounded.
You closely miss the bat. You hit the phantom. The bat closely misses you.
The adder bites you. The phantom hits you.
* * * LOW HITPOINT WARNING * * *
The phantom blinks!
You blink.
You hit the bat. You headbutt the bat.
You kill the bat!
Trog accepts your kill.
You hit the phantom. You hit the adder. The phantom hits you.
* * * LOW HITPOINT WARNING * * *
The adder misses you. The phantom hits you.
* * * LOW HITPOINT WARNING * * *
The adder bites you but does no damage. The adder bites you.
* * * LOW HITPOINT WARNING * * *
The phantom hits you.
You die...

.............#
.............#
##...........#
#............ .#
#...........#######.#
##...................# #
.......###+#......#..# .#
##..##.# #.#.....##..###.#
....##.###......@W.......#
.....#.##........S.......#
###..#.##.####...........#
..........#..............#
######.#..#.##...........#
.......#..#..............#
######.#..#............).#
.......#..#.......######.#
######....#.#####.# .#


You could see a phantom and an adder.

Vanquished Creatures
  2 adders
  A dart slug (D:1)
  An orc (D:3)
  8 bats
  An endoplasm (D:1)
  4 giant cockroaches
  4 goblins
  6 hobgoblins
  4 jackals (D:1)
  3 ball pythons
  4 frilled lizards
  5 kobolds (D:2)
  2 rats (D:2)
45 creatures vanquished.

Notes
Turn   | Place    | Note
-------+----------+-------------------------------------------
     0 | D:1      | arpsito the Minotaur Berserker began the quest for the Orb.
     0 | D:1      | Reached XP level 1. HP: 19/19 MP: 0/0
    75 | D:1      | Reached XP level 2. HP: 25/27 MP: 1/1
   493 | D:1      | Found Vuamp's Distillery.
   604 | D:1      | Upgraded the game from 0.31-a0-931-g7b59d4eb97 to
                  | 0.31-a0-940-gdaa99269f9
   643 | D:2      | Reached ** piety under Trog
   660 | D:2      | Reached XP level 3. HP: 28/33 MP: 2/2
  1115 | D:2      | Found Erotov's Magic Scroll Shoppe.
  1634 | D:3      | Reached XP level 4. HP: 40/40 MP: 3/3
  1700 | D:3      | Noticed a phantom
  1719 | D:3      | HP: 1/40 [adder (3)]
  1719 | D:3      | Slain by a phantom

Illustrated notes

Levels and vault maps discovered:
D:1:      lightli_arrival_noodles, layout_rooms, serial_shops,
          nicolae_shop_back_alley_shop, hangedman_glass_teeth
D:2:      minmay_inner_zag, layout_loops_ring, serial_shops,
          nicolae_lakefront_shop
D:3:      layout_basic, grunt_temple_overflow_diamond

Skill      XL: |  1  2  3 |
---------------+----------+-----
Axes           | 4 |  4.3
Fighting       | 4 |  4.3
Armour         | 3 |  3.3
Dodging        | 3 |  3.0

Action                     |  1- 3 |  4- 6 || total
---------------------------+-------+-------++-------
  Melee: Hand axe          |    89 |    11 ||   100
         Headbutt          |    11 |     2 ||    13
         Punch             |     2 |       ||     2
 Invoke: Berserk           |       |     1 ||     1
 Armour: Animal skin       |    23 |       ||    23
         Leather armour    |    12 |       ||    12
         Ring mail         |    21 |    18 ||    39
  Dodge: Dodged            |    66 |    10 ||    76

Table legend: (Time is in decaauts)
 A = Elapsed time spent in this place.
 B = Non-inter-level travel time spent in this place.
 C = Inter-level travel time spent in this place.
 D = Time resting spent in this place.
 E = Time spent auto-exploring this place.
 F = Levels seen in this place.
 G = Mean time per level.
                   A        B        C        D        E       F      G
               +--------+--------+--------+--------+--------+-----+--------+
         Total |   1728 |   1693 |     35 |     98 |   1253 |   3 |  576.0 |
       Dungeon |   1728 |   1693 |     35 |     98 |   1253 |   3 |  576.0 |
               +--------+--------+--------+--------+--------+-----+--------+

Top non-repeatable levels by time:
     D:2: 848 daAuts
     D:1: 623 daAuts
     D:3: 256 daAuts
